Map: Eternal Empire LE

Players

Neuro - Winner!

  • Race: Zerg Zerg
  • League: Grandmaster
  • Spawn Location: 1:00

avilo

  • Race: Terran Terran
  • League: Grandmaster
  • Spawn Location: 7:00

VOD

Have the link to the VOD?

Description

Time

  • Played on: Jan. 28, 2020, 5:35 p.m.
  • Length: 34:37
Show
View Real Time Build Order
Export as new Build Order

Neuro Zerg - Winner!

Build Orders: Pool First, Roach Hydra 

Get SALT Encoding   

  12  0:01  Drone  
  13  0:09  Drone  
  14  0:15  Extractor  
  14  0:16  Drone  
  14  0:33  Spawning Pool  
  13  0:36  Drone  
  14  0:45  Overlord  
  14  1:04  Drone  
  15  1:19  Metabolic Boost  
  15  1:20  Zergling x6  
  18  1:38  Hatchery  
  17  1:44  Drone  
  18  1:52  Queen  
  20  1:59  Drone x2  
  22  2:07  Overlord  
  22  2:27  Drone x2  
  22  2:28  Queen  
  26  2:42  Overlord  
  26  2:50  Queen  
  28  2:57  Overlord  
  27  3:02  Drone x5  
  32  3:09  Drone  
  33  3:14  Drone x2  
  35  3:24  Drone x2  
  37  3:31  Hatchery  
  36  3:37  Drone x3  
  36  3:39  Drone  
  40  3:43  Drone  
  40  3:47  Drone x2  
  43  3:55  Queen  
  45  3:57  Drone x2  
  47  4:05  Drone x3  
  47  4:08  Lair  
  51  4:10  Zergling x2  
  51  4:18  Evolution Chamber  
  51  4:24  Roach Warren  
  49  4:26  Drone x3  
  49  4:27  Overlord, Extractor  
  49  4:28  Extractor  
  49  4:30  Overlord  
  50  4:36  Drone x2  
  52  4:43  Overlord x2  
  52  4:45  Drone x3  
  55  4:48  Zerg Missile Weapons Level 1  
  55  4:52  Zergling x4  
  57  4:55  Zergling x4  
  59  5:01  Queen  
  59  5:06  Glial Reconstitution  
  61  5:08  Spore Crawler  
  61  5:09  Spore Crawler  
  59  5:18  Drone x6  
  65  5:23  Drone x2  
  65  5:25  Drone x2  
  69  5:30  Overseer  
  69  5:36  Overlord  
  69  5:37  Roach x3  
  73  5:46  Drone x5  
  73  5:47  Drone  
  73  5:49  Drone x2  
  72  6:00  Queen  
  72  6:01  Spore Crawler  
  72  6:02  Drone x3  
  76  6:11  Drone x5  
  76  6:13  Infestation Pit  
  76  6:14  Extractor  
  76  6:16  Queen  
  81  6:19  Extractor  
  81  6:22  Extractor  
  79  6:26  Drone x5  
  79  6:31  Queen  
  86  6:34  Overlord x3  
  86  6:35  Overlord  
  86  6:42  Queen  
  88  6:47  Zerg Missile Weapons Level 2  
  88  6:49  Roach  
  88  6:51  Pneumatized Carapace  
  90  6:57  Overlord  
  90  6:58  Overlord  
  90  7:08  Queen  
  90  7:13  Drone x4  
  96  7:15  Hydralisk Den  
  96  7:20  Hive  
  95  7:33  Overlord x2  
  95  7:34  Roach x11  
  117  7:37  Hatchery  
  116  7:45  Grooved Spines  
  116  7:46  Queen  
  116  7:48  Roach  
  116  7:49  Roach x6  
  132  8:03  Roach x5  
  142  8:08  Ravager  
  142  8:09  Ravager  
  144  8:21  Spine Crawler, Spore Crawler, Drone x4  
  144  8:23  Overlord x3  
  144  8:24  Overlord x3  
  146  8:28  Overseer  
  146  8:43  Unknown  
  146  8:46  Ravager  
  146  8:52  Viper x5  
  146  8:54  Overseer  
  161  8:56  Muscular Augments, Drone x4  
  161  8:57  Drone x4  
  161  9:02  Hydralisk x2  
  173  9:06  Zergling x8  
  173  9:09  Zerg Missile Weapons Level 3  
  177  9:17  Hydralisk  
  177  9:18  Hydralisk x3  
  185  9:25  Spine Crawler  
  184  9:35  Hydralisk  
  184  9:36  Hatchery, Hydralisk x3  
  188  9:45  Hydralisk  
  188  9:46  Hydralisk x2  
  190  9:55  Hydralisk  
  190  9:58  Overlord x2  
  192  10:00  Nydus Network  
  192  10:01  Overlord x3  
  189  10:14  Hydralisk  
  175  10:39  Hydralisk  
  175  10:40  Hydralisk x13  
  191  10:45  Burrow  
  173  10:55  Hydralisk x4  
  178  11:04  Hydralisk x4  
  178  11:08  Queen  
  188  11:11  Nydus Canal  
  188  11:15  Roach  
  188  11:16  Roach x3  
  190  11:20  Roach x3  
  194  11:31  Roach x3  
  200  11:46  Zerg Ground Armor Level 1  
  200  11:54  Nydus Canal  
  200  12:11  Nydus Canal  
  200  12:14  Hydralisk x3  
  200  12:19  Hatchery  
  200  12:20  Extractor  
  200  12:21  Spore Crawler  
  185  12:22  Extractor  
  185  12:23  Hydralisk x10  
  185  12:24  Spine Crawler, Hydralisk x2  
  185  12:27  Roach x9  
  195  12:36  Roach x6  
  162  12:50  Hydralisk  
  164  12:51  Overseer  
  164  12:52  Overseer  
  164  12:57  Hydralisk  
  164  12:58  Hydralisk x11  
  166  13:01  Overseer  
  188  13:07  Hydralisk x6  
  200  13:40  Lurker Den  
  199  13:45  Nydus Canal  
  195  13:52  Hydralisk x2  
  181  14:12  Hydralisk x8  
  181  14:13  Hydralisk x8  
  193  14:20  Zerg Ground Armor Level 2, Drone x5  
  186  14:27  Nydus Canal  
  178  14:32  Hydralisk x14  
  192  14:54  Nydus Canal  
  192  14:57  Hydralisk x4  
  200  15:05  Drone x4  
  200  15:13  Nydus Canal  
  184  15:15  Swarm Host  
  184  15:17  Spore Crawler, Extractor  
  184  15:18  Spine Crawler  
  184  15:21  Spine Crawler  
  195  15:23  Extractor  
  194  15:34  Nydus Canal  
  190  15:40  Drone x7  
  195  15:43  Adaptive Talons  
  195  15:44  Overlord x4  
  191  15:52  Overseer x2  
  191  16:01  Hydralisk x5  
  191  16:02  Nydus Canal  
  193  16:15  Roach x9  
  185  16:33  Nydus Canal  
  185  16:39  Hydralisk  
  182  16:40  Hydralisk x8, Seismic Spines  
  184  17:14  Hydralisk x18  
  197  17:18  Overseer x2  
  161  17:25  Roach x5  
  171  17:33  Hydralisk x4  
  179  17:37  Lurker x2  
  179  17:38  Lurker x2  
  179  17:40  Lurker  
  179  17:41  Lurker  
  185  17:45  Nydus Canal  
  185  17:49  Drone x2  
  187  17:53  Lurker x2  
  187  17:54  Lurker x7  
  196  18:04  Roach x2  
  200  18:09  Zerg Ground Armor Level 3  
  198  18:23  Hydralisk  
  200  18:32  Hatchery  
  199  18:34  Hatchery  
  199  18:40  Spore Crawler  
  197  18:45  Hydralisk  
  199  18:50  Spore Crawler  
  198  19:10  Ravager  
  198  19:11  Ravager  
  198  19:12  Overseer x2  
  195  19:20  Pathogen Glands  
  192  20:03  Spine Crawler  
  192  20:04  Spine Crawler, Extractor  
  192  20:05  Extractor  
  192  20:06  Spore Crawler  
  187  20:10  Drone x3  
  190  20:56  Nydus Canal  
  190  21:02  Drone x10  
  200  21:09  Spine Crawler  
  199  21:23  Hydralisk x3  
  193  21:34  Nydus Canal  
  188  22:01  Spore Crawler  
  188  22:02  Spore Crawler  
  188  22:05  Spore Crawler, Hydralisk x11  
  198  22:11  Hydralisk x8  
  187  22:16  Hydralisk x6  
  187  22:19  Nydus Canal  
  174  22:25  Viper x8  
  174  22:26  Overseer  
  174  22:27  Overseer  
  192  22:49  Hydralisk x4  
  200  22:54  Unknown  
  200  22:56  Spore Crawler  
  200  22:57  Spine Crawler, Spore Crawler  
  196  23:00  Spine Crawler  
  196  23:01  Nydus Canal  
  184  23:29  Swarm Host x8  
  200  23:41  Spore Crawler  
  199  23:49  Hatchery  
  198  24:00  Swarm Host  
  185  24:15  Swarm Host x10  
  190  24:22  Overlord x3  
  192  24:31  Drone x2  
  191  24:47  Swarm Host  
  191  24:48  Swarm Host x2  
  200  24:59  Overseer x2  
  187  25:11  Drone, Baneling Nest  
  181  25:17  Zergling x18  
  181  25:18  Drone x10  
  200  25:24  Overseer  
  187  26:14  Extractor  
  187  26:15  Extractor  
  185  26:18  Centrifical Hooks  
  185  26:22  Nydus Canal  
  185  26:25  Overseer  
  185  26:27  Drone  
  185  26:28  Drone x2  
  185  26:31  Zergling x22  
  197  26:46  Zergling x2  
  190  26:54  Baneling x19  
  190  26:55  Baneling x6  
  190  27:06  Baneling x2  
  190  27:07  Baneling x12  
  188  27:17  Zergling x14  
  188  27:18  Zergling x6  
  198  27:23  Extractor  
  198  27:29  Hatchery  
  196  27:34  Extractor  
  195  27:39  Hatchery  
  195  27:41  Unknown  
  189  28:01  Zergling x18  
  189  28:03  Adrenal Glands  
  198  28:09  Zergling x4  
  168  28:26  Zergling x22  
  179  28:31  Baneling x13  
  179  28:32  Zergling x26  
  179  28:33  Zergling x10  
  188  28:58  Zergling x24  
  193  29:10  Baneling x24  
  193  29:11  Baneling x3  
  186  29:20  Zergling x14  
  186  29:21  Zergling x18  
  172  29:28  Hydralisk x7  
  165  29:32  Hydralisk x9  
  165  29:33  Hydralisk x2  
  165  29:38  Baneling  
  184  29:40  Zergling x4  
  184  29:44  Zergling x14, Queen  
  184  29:45  Queen x2  
  197  29:52  Baneling  
  197  29:53  Zergling x6, Baneling x7  
  186  30:27  Drone  
  186  30:28  Drone x13  
  193  30:53  Nydus Canal  
  145  30:57  Hydralisk x12  
  145  31:02  Roach x4  
  145  31:03  Zergling x22  
  186  31:06  Queen  
  188  31:14  Spore Crawler  
  187  31:18  Roach  
  187  31:19  Roach x5  
  187  31:24  Spore Crawler  
  198  31:30  Zerg Melee Weapons Level 1  
  198  31:42  Zergling x4, Overseer x2  
  188  31:52  Roach x3  
  188  31:53  Roach x12  
  185  31:59  Zergling x6  
  185  32:00  Zergling x8  
  192  32:05  Overlord  
  192  32:06  Overlord x4  
  192  32:17  Nydus Canal  
  192  32:32  Overseer  
  192  32:35  Zergling x16  
  199  32:49  Baneling x19  
  179  33:18  Roach x8  
  179  33:19  Roach x3  
  192  33:22  Zergling x36  
  176  33:30  Roach x9  
  176  33:35  Hydralisk x7  
  190  33:52  Zergling x20  
  198  34:05  Baneling  
  198  34:06  Hatchery, Zergling x4, Baneling x11  
  198  34:07  Zergling x2  
Show
View Real Time Build Order
Export as new Build Order

avilo Terran 

Build Orders: Gas First Reaper Expand, Mech 

Get SALT Encoding   

  12  0:00  SCV  
  13  0:13  SCV  
  14  0:20  Supply Depot  
  14  0:25  SCV  
  15  0:30  Refinery  
  15  0:42  SCV  
  16  0:45  Barracks  
  16  0:54  SCV  
  17  1:06  SCV  
  18  1:18  SCV  
  19  1:33  Orbital Command  
  19  1:34  Reaper  
  20  1:49  Command Center  
  20  1:59  SCV  
  21  2:09  Factory  
  21  2:11  SCV  
  21  2:13  Refinery  
  21  2:14  Barracks Reactor  
  22  2:23  SCV  
  23  2:30  Supply Depot  
  21  3:03  Hellion x2  
  21  3:05  Starport  
  24  3:11  SCV  
  25  3:22  Orbital Command  
  24  3:27  SCV  
  24  3:29  Barracks Tech Lab  
  25  3:39  SCV  
  25  3:41  Hellion  
  28  3:46  Hellion  
  30  3:52  SCV  
  30  3:53  SCV  
  31  4:01  Banshee  
  34  4:04  SCV  
  34  4:05  SCV  
  36  4:14  Supply Depot  
  36  4:16  SCV  
  37  4:17  SCV  
  37  4:19  Hellion  
  40  4:26  Supply Depot  
  40  4:28  SCV  
  40  4:30  SCV  
  42  4:38  Armory  
  42  4:40  SCV  
  42  4:42  SCV  
  44  4:46  Viking  
  44  4:52  SCV  
  47  4:54  SCV  
  48  5:01  Command Center  
  48  5:04  SCV  
  48  5:06  SCV  
  50  5:15  Factory  
  50  5:16  SCV  
  50  5:18  SCV  
  52  5:24  Factory  
  52  5:29  SCV, Banshee  
  52  5:30  SCV  
  52  5:31  Cloaking Field  
  57  5:41  SCV  
  49  6:01  Terran Vehicle Weapons Level 1  
  49  6:02  Engineering Bay, Factory  
  49  6:03  Factory Tech Lab  
  49  6:04  SCV x2  
  47  6:09  Factory Tech Lab  
  47  6:12  Banshee  
  47  6:14  Refinery x2  
  47  6:15  Orbital Command  
  47  6:16  SCV x2  
  47  6:18  Hellion x2  
  56  6:19  Factory  
  56  6:29  Supply Depot  
  56  6:31  SCV x2  
  56  6:32  Orbital Command  
  58  6:44  Missile Turret  
  58  6:45  Missile Turret  
  58  6:47  SCV  
  58  6:48  SCV  
  60  6:56  Thor, Factory Tech Lab  
  60  7:00  SCV x3, Refinery  
  69  7:06  Factory Tech Lab  
  69  7:09  Hyperflight Rotors  
  69  7:15  Command Center  
  69  7:17  SCV x2  
  69  7:18  SCV  
  69  7:21  Missile Turret  
  72  7:23  Sensor Tower  
  72  7:25  Missile Turret  
  72  7:27  Siege Tank  
  72  7:29  Supply Depot  
  75  7:32  SCV  
  75  7:33  SCV x2  
  78  7:38  Refinery  
  78  7:40  Banshee  
  81  7:45  SCV x3  
  84  7:52  Thor  
  84  7:56  Supply Depot  
  84  7:57  SCV x2  
  92  8:01  SCV, Supply Depot  
  92  8:04  Terran Vehicle And Ship Armor Level 1  
  93  8:07  Armory  
  93  8:08  Supply Depot  
  93  8:12  Infernal Pre-Igniter  
  93  8:17  SCV x3  
  93  8:18  Hellion x2  
  93  8:19  Supply Depot  
  100  8:25  Banshee, Siege Tank  
  106  8:29  SCV x2  
  106  8:32  SCV x2  
  110  8:34  Siege Tank  
  110  8:41  SCV, Supply Depot x2, Missile Turret  
  113  8:45  SCV x2  
  116  8:50  Siege Tank x2  
  116  8:51  Hellion x2  
  126  9:04  Unknown  
  126  9:06  SCV x2  
  126  9:07  SCV  
  129  9:11  Terran Vehicle Weapons Level 2  
  129  9:12  Ghost Academy, Barracks x2  
  129  9:18  SCV  
  130  9:33  Barracks Tech Lab  
  130  9:34  Siege Tank x3  
  130  9:35  Hellion x3  
  130  9:37  Planetary Fortress  
  145  9:43  Missile Turret  
  145  9:56  Hellion  
  145  9:58  Barracks Tech Lab  
  145  9:59  Ghost, Barracks Tech Lab  
  149  10:01  Enhanced Shockwaves, Command Center, Terran Vehicle And Ship Armor Level 2  
  149  10:05  Sensor Tower  
  149  10:17  Ghost x2  
  149  10:19  Hellion  
  155  10:30  Hellion x3  
  155  10:31  Hellion x2  
  155  10:32  Ghost  
  149  10:40  Hellion x8  
  144  10:46  Ghost  
  142  10:57  Command Center  
  142  11:00  SCV  
  142  11:01  SCV x3  
  142  11:03  Unknown  
  146  11:08  Siege Tank x3  
  155  11:13  Hellion x2, Siege Tank  
  156  11:30  Ghost x2  
  160  11:34  Hellion x2  
  158  11:40  Siege Tank x2  
  158  11:42  Terran Vehicle Weapons Level 3  
  158  11:45  SCV x4  
  160  11:54  Command Center  
  160  11:58  Command Center  
  160  12:00  Thor  
  122  12:33  Hellion, Siege Tank x3  
  122  12:34  Hellion  
  126  12:39  Planetary Fortress  
  126  12:43  Hellion  
  128  12:44  Planetary Fortress  
  128  12:50  SCV x4  
  132  12:54  Missile Turret  
  132  12:55  Hellion  
  132  12:56  Missile Turret  
  134  12:58  Ghost x2  
  134  13:00  Missile Turret x2, Personal Cloaking  
  134  13:02  Refinery, Missile Turret  
  134  13:03  SCV x4  
  134  13:04  Missile Turret  
  134  13:05  Refinery, Neosteel Armor  
  142  13:07  Missile Turret  
  142  13:08  Ghost Academy  
  142  13:10  Ghost Academy  
  142  13:13  Missile Turret  
  142  13:23  Orbital Command  
  142  13:24  SCV x2  
  142  13:25  SCV, Missile Turret, Orbital Command  
  145  13:27  Siege Tank x2  
  145  13:28  Siege Tank x2  
  149  13:42  Refinery  
  149  13:47  Ghost x3  
  123  14:17  Siege Tank x4  
  123  14:18  Hellion x2  
  106  14:39  Hellion  
  106  14:40  Hellion  
  105  14:49  Siege Tank x3  
  105  14:50  Hellion  
  107  15:01  Hellion x2  
  103  15:11  Banshee, Siege Tank  
  103  15:13  SCV  
  103  15:14  SCV x3  
  105  15:19  Nuke x3  
  105  15:21  Siege Tank  
  105  15:22  Hellion x2  
  105  15:26  SCV  
  113  15:33  Hellion x2  
  113  15:41  Missile Turret x2  
  113  15:43  Siege Tank x2  
  113  15:49  Siege Tank  
  122  15:52  SCV x3  
  122  15:54  Siege Tank  
  128  16:20  Refinery  
  128  16:23  Command Center  
  128  16:30  Hellion x3, Siege Tank x2  
  128  16:31  Hellion  
  142  16:39  SCV x3  
  145  16:46  Sensor Tower  
  145  16:47  Missile Turret  
  145  16:51  SCV x3  
  145  16:52  Hellion  
  131  17:25  Refinery  
  131  17:30  Sensor Tower  
  131  17:34  SCV x2  
  131  17:35  SCV x3  
  136  17:38  Terran Vehicle And Ship Armor Level 3  
  136  17:49  Raven, Corvid Reactor  
  136  17:50  SCV x2  
  136  17:51  SCV  
  141  17:58  Siege Tank x2  
  141  18:00  Drilling Claws, Widow Mine x2  
  151  18:06  SCV x2  
  151  18:07  SCV x3  
  156  18:18  SCV  
  149  18:29  Hellion  
  149  18:33  Siege Tank x2  
  149  18:34  Hellion x2, Siege Tank x2  
  163  18:40  Ghost x2  
  169  18:48  Supply Depot  
  169  18:50  Supply Depot  
  169  18:51  Supply Depot  
  169  19:01  Ghost  
  169  19:02  Hellion  
  170  19:18  Ghost  
  170  19:19  Ghost  
  174  19:30  Supply Depot x2, Ghost  
  176  19:34  Raven  
  176  19:38  Unknown, Starport  
  178  19:42  Missile Turret, Starport  
  178  19:43  Missile Turret  
  178  19:44  Missile Turret  
  178  19:46  Missile Turret  
  178  19:59  Orbital Command  
  178  20:07  Command Center  
  178  20:10  Missile Turret x2  
  178  20:19  Nuke  
  170  20:27  Nuke  
  170  20:38  Missile Turret  
  168  20:43  Nuke  
  168  20:48  Starport  
  168  20:49  Starport  
  168  20:50  Starport Tech Lab x2  
  168  20:51  Terran Ship Weapons Level 1  
  168  21:06  Nuke  
  168  21:14  Command Center  
  168  21:16  Command Center  
  159  21:36  Refinery  
  159  21:40  Missile Turret  
  159  21:43  Raven, Liberator x2  
  159  21:46  Starport Reactor x2  
  167  21:53  Nuke  
  135  22:26  Liberator x2  
  141  22:30  Liberator x3  
  141  22:31  Liberator  
  153  22:39  Missile Turret  
  153  22:44  Orbital Command x2  
  153  22:47  Planetary Fortress  
  153  22:53  Refinery  
  153  22:56  Raven  
  153  23:32  Missile Turret  
  153  23:33  Missile Turret x2  
  153  23:34  Siege Tank x4  
  159  23:39  Nuke  
  147  24:15  Ghost x2  
  136  24:18  Hellion, Siege Tank x2  
  136  24:19  Hellion x3  
  150  24:25  Nuke  
  150  24:40  Hellion x2  
  154  24:54  Hellion  
  154  24:55  Hellion x3  
  162  25:01  Hellion  
  164  25:19  Hellion x4  
  164  25:20  Hellion  
  160  25:23  Hellion  
  162  25:40  Ghost x3  
  162  25:41  Hellion  
  170  25:57  Medivac x2  
  170  26:13  Liberator  
  170  26:15  Hellion x6  
  185  26:30  Sensor Tower  
  185  26:34  Missile Turret  
  185  26:36  Hellion x2  
  189  26:50  Nuke  
  189  26:55  Hellion x2  
  189  26:56  Hellion x2  
  189  26:57  Hellion  
  194  27:26  Command Center  
  194  27:35  Missile Turret  
  194  27:36  Liberator x2  
  173  28:25  Hellion x5  
  183  28:31  Nuke  
  183  28:32  Nuke x2  
  183  28:53  Orbital Command  
  183  29:11  Orbital Command  
  116  29:40  Hellion, Siege Tank  
  116  29:41  Hellion x4  
  128  30:02  Hellion x2  
  122  30:27  Hellion, Siege Tank x2  
  122  30:28  Hellion x2  
  132  30:52  Orbital Command  
  108  31:12  Missile Turret  
  108  31:15  Missile Turret  
  108  31:18  SCV  
  109  31:24  SCV x2  
  109  31:25  SCV x4  
  115  31:35  Unknown  
  115  31:39  Siege Tank  
  98  32:14  SCV x5  
  98  32:15  SCV x2  
  105  32:26  SCV x5  
  105  32:27  SCV, Hellion x2  
  105  32:28  Hellion x4  
  123  32:49  Hellion x3  
  123  32:50  Hellion x3  
  116  33:17  Orbital Command  
  101  33:26  Siege Tank x2  
  96  33:27  Hellion x4  
  96  33:43  Missile Turret x2  
  96  33:45  SCV x6, Missile Turret  
  104  33:48  Hellion  
  105  33:55  SCV  
  105  33:57  SCV x2  
  105  34:01  Refinery  
  107  34:12  SCV x2  
  107  34:13  Missile Turret  
  107  34:15  Refinery  
Tags
 
Add a new tag
Caveats
  • Supply blocks, unpowered buildings, or Contaminate may cause inaccurate times.
  • Supply counts are checked every 10 seconds.